 Dungeon Crawl Stone Soup version 0.29.1-15-g9cfb28693d (webtiles) character file.

Game seed: 8429816844190716671

45101 raph the Peltast (level 14, -5/122 HPs)
             Began as a Hill Orc Berserker on Apr 2, 2023.
             Was a High Priest of Trog.
             Slain by an 11-headed hydra (6 damage)
             ... on level 5 of the Lair of Beasts.
             The game lasted 00:23:05 (16683 turns).

raph the Peltast (Hill Orc Berserker)              Turns: 16683, Time: 00:23:06

Health: -5/122     AC: 25    Str: 24    XL:     14   Next: 31%
Magic:  14/14      EV:  8    Int:  7    God:    Trog [*****.]
Gold:   1424       SH: 25    Dex: 12    Spells: 13/13 levels left

rFire   . . .      SeeInvis +   a - +14 obsidian axe {vorpal, Mesm Drain Fly SInv}
rCold   + + +      Faith    .   O - +0 tower shield
rNeg    . . .      Spirit   .   d - +0 plate armour
rPois   .          Reflect  +   K - +2 helmet
rElec   .          Harm     .   f - +2 cloak
rCorr   +          Rampage  .   I - +0 pair of gloves {Str+3}
Will    ++...                   (no boots)
Stlth   ..........              q - amulet of reflection
HPRegen 0.30/turn               o - ring of the Saviour {*Slow rC+++ rCorr AC+4 Dex-2}
MPRegen 0.14/turn               m - ring of willpower

@: flying, mesmerised, slowed, very slow
A: no striking features
a: Renounce Religion, Berserk, Trog's Hand, Brothers in Arms


You were on level 5 of the Lair of Beasts.
You worshipped Trog.
Trog was extremely pleased with you.
You visited 2 branches of the dungeon, and saw 13 of its levels.
You also visited: Ice Cave.

You collected 1424 gold pieces.

Inventory:

Hand Weapons
 a - the +14 obsidian axe (weapon) {vorpal, Mesm Drain Fly SInv}
   (You acquired it on level 3 of the Lair of Beasts)

   It inflicts extra damage upon your enemies.
   It occasionally summons demons to assist the wielder when it strikes in
   combat.
   Its wielder is mesmerised by any visible foes.
   It cannot be unequipped while any foes are visible.
   SInv:      It lets you see invisible.
   Fly:       It grants you flight.
   Drain:     It drains your maximum health when unequipped.
 b - a +0 demon whip of venom
 w - a +5 war axe
 y - a +2 flail of draining
 z - a +0 war axe
 J - a +5 hand axe of electrocution
 N - a +0 hand axe
Missiles
 t - 2 silver javelins
 v - 12 javelins (quivered)
 C - 18 poisoned darts
 G - a throwing net
Armour
 d - a +0 plate armour (worn)
 f - a +2 cloak (worn)
 I - a +0 pair of gloves of strength (worn)
 K - a +2 helmet (worn)
 O - a +0 tower shield (worn)
 T - +0 ice dragon scales
Jewellery
 k - an amulet of guardian spirit
 m - a ring of willpower (right hand)
 o - the ring of the Saviour (left hand) {*Slow rC+++ rCorr AC+4 Dex-2}
   (You found it on level 2 of the Dungeon)

   [ring of protection]

   AC:        It affects your AC (+4).
   Dex:       It affects your dexterity (-2).
   rC:        It renders you almost immune to cold.
   rCorr:     It protects you from acid and corrosion.
   *Slow:     It may slow you when you take damage.
 q - an amulet of reflection (around neck)
 S - a ring of protection from cold
 U - a ring of fire
 V - a ring of ice
Wands
 s - a wand of digging (1)
 E - a wand of roots (14)
 F - a wand of charming (14)
 H - a wand of flame (9)
 M - a wand of quicksilver (11)
Scrolls
 g - 2 scrolls of blinking
 i - 3 scrolls of butterflies
 x - 4 scrolls of teleportation
 D - 4 scrolls of poison
 L - 2 scrolls of summoning
 Q - 4 scrolls of identify
 W - a scroll of fear
Potions
 c - 4 potions of flight
 e - 6 potions of curing
 h - 2 potions of lignification
 j - a potion of heal wounds
 l - 2 potions of mutation
 p - a potion of might
 r - 2 potions of attraction
 u - a potion of magic
 A - 2 potions of brilliance
 P - a potion of haste
 R - a potion of ambrosia
Miscellaneous
 n - a condenser vane (inert)


   Skills:
 - Level 10.4 Fighting
 - Level 15.2 Axes
 - Level 8.4 Armour
 - Level 6.4 Dodging
 + Level 18.6 Shields


You had 13 spell levels left.
You didn't know any spells.
Your spell library was empty.

Dungeon Overview and Level Annotations

Branches:
Dungeon (8/15)             Temple (0/1) D:6            Lair (5/5) D:8
  Swamp (0/4) Lair:3       Spider (0/4) Lair:3        Slime (0/5) Lair:4
  IceCv (visited)

Altars:
Cheibriados
Elyvilon
Gozag
Makhleb
Nemelex Xobeh
Qazlal
Sif Muna
Trog
Wu Jian
Xom
Zin
Beogh
Jiyva

Annotations:
Lair:3 2 transporters, exclusion: oklob plant, Ceyvaan's ghost, journeyman DEFE


Message History

The nine-headed hydra bites you!
* * * LOW HITPOINT WARNING * * *
You block the nine-headed hydra's attack.
The nine-headed hydra barely misses you.
You slice one of the nine-headed hydra's heads off!
The eight-headed hydra grows two more!
You hit the ten-headed hydra.
The ten-headed hydra is severely wounded.
You block the ten-headed hydra's attack.
The ten-headed hydra bites you.
* * * LOW HITPOINT WARNING * * *
You block the ten-headed hydra's attack.
The ten-headed hydra bites you but does no damage.
You block the ten-headed hydra's attack.
The ten-headed hydra bites you.
* * * LOW HITPOINT WARNING * * *
The ten-headed hydra bites you!
* * * LOW HITPOINT WARNING * * *
The ten-headed hydra bites you but does no damage.
You block the ten-headed hydra's attack.
The ten-headed hydra bites you but does no damage.
You slice one of the ten-headed hydra's heads off!
The nine-headed hydra grows two more!
You slash the 11-headed hydra! You open a gate to Pandemonium!
A demon appears!
The 11-headed hydra is severely wounded.
You block the 11-headed hydra's attack.
The 11-headed hydra bites you but does no damage.
The 11-headed hydra bites you.
* * * LOW HITPOINT WARNING * * *
The 11-headed hydra bites you!
* * * LOW HITPOINT WARNING * * *
You block the 11-headed hydra's attack. x2
The 11-headed hydra bites you but does no damage.
The 11-headed hydra bites you.
* * * LOW HITPOINT WARNING * * *
The 11-headed hydra bites you.
* * * LOW HITPOINT WARNING * * *
You block the 11-headed hydra's attack.
The 11-headed hydra bites you but does no damage. x2
The 11-headed hydra bites you.
You die...

*...,*,**#..# ********
##..,,###...###,***,,***
#...,,.........,,,*,,,*,
*#..##........P,,**,,**,
#...#.........,,,,,,**,
#*#....#.#...P.#**,******
#..#....#......#***** *
#P...<..†.....#.***,* *
##..####@.......,,,,* *
#.,* ##D....##*,,,*****
*#,,** *#4.....,**,**,*,
*,,,,* **......,,,,,,,,,
**,,,** *,,.....,*,,,,,,,
*,,,,* **,.....,,,,,,,*,
**,,,*****,..##,,,,***,,
*,,,,,,*,,..#**,,,,**,,
*,,***,,,,,** *,,,***,,


You could see a 11-headed hydra (mesmerising, ally target) and a friendly orange
demon (summoned).

Vanquished Creatures
  Rupert (Lair:4)
  4 hydras
  2 ironbound frosthearts (IceCv)
  6 death yaks (IceCv)
  Nergalle (Lair:1)
  2 bog bodies (Lair:3)
  Pikel (D:6)
  4 elephants (Lair:2)
  An ice statue (IceCv)
  2 black mambas
  A torpor snail (Lair:2)
  Joseph (D:8)
  10 cane toads
  An orange demon (D:8)
  6 rime drakes
  5 komodo dragons
  9 polar bears (IceCv)
  Prince Ribbit (D:8)
  4 dream sheep (Lair:2)
  17 blink frogs
  A spriggan (Lair:1)
  37 yaks
  7 wyverns
  2 basilisks (Lair:2)
  Eustachio (D:6)
  A redback (Lair:3)
  Menkaure (D:6)
  2 steam dragons (D:7)
  An acid dragon (D:6)
  19 water moccasins
  2 orc warriors
  4 ice beasts
  5 black bears
  5 ogres
  20 wolves (IceCv)
  2 centaurs
  3 lemures (D:6)
  2 phantoms
  A kobold brigand (D:7)
  15 bullfrogs
  3 scorpions
  15 wights
  10 killer bees
  2 howler monkeys (D:6)
  An electric eel (Lair:3)
  2 jellies (D:7)
  7 orc priests
  3 hounds (D:5)
  5 iguanas
  4 orc wizards
  12 adders
  A gnoll (D:1)
  6 river rats (D:5)
  3 white imps
  2 ufetubi
  A worm (D:2)
  A dart slug (D:2)
  23 orcs
  3 ball pythons
  7 endoplasms
  2 giant cockroaches
  4 goblins
  9 hobgoblins
  4 jackals
  10 quokkas
  7 bats
  7 frilled lizards
  10 kobolds
  20 rats
394 creatures vanquished.

Vanquished Creatures (collateral kills)
  A hydra (Lair:3)
  Amaemon (D:8)
  A torpor snail (Lair:3)
  2 cane toads
  A komodo dragon (Lair:3)
  A rime drake (Lair:4)
  2 blink frogs
  8 yaks
  A bullfrog (Lair:3)
18 creatures vanquished.

Vanquished Creatures (others)
  A quokka (D:7)
  29 fungi
  25 plants
  A withered plant (D:1)
56 creatures vanquished.

Grand Total: 468 creatures vanquished

Notes
Turn   | Place    | Note
-------+----------+-------------------------------------------
     0 | D:1      | raph the Hill Orc Berserker began the quest for the Orb.
     0 | D:1      | Reached XP level 1. HP: 19/19 MP: 1/1
   364 | D:1      | Reached XP level 2. HP: 22/26 MP: 2/2
   476 | D:1      | Reached skill level 5 in Axes
   680 | D:1      | Reached XP level 3. HP: 23/31 MP: 3/3
   975 | D:1      | You fall into a shaft and drop 1 floor!
  1580 | D:1      | Found a faded altar of an unknown god.
  1706 | D:2      | Reached XP level 4. HP: 32/39 MP: 4/4
  2057 | D:2      | Reached ** piety under Trog
  2065 | D:2      | Identified the ring of the Saviour {*Slow rC+++ rCorr AC+4
                  | Dex-2}
  2321 | D:3      | Found a snail-covered altar of Cheibriados.
  2447 | D:3      | Reached XP level 5. HP: 45/45 MP: 5/5
  3515 | D:4      | Noticed a black bear
  3521 | D:4      | Killed a black bear
  3522 | D:4      | Reached XP level 6. HP: 51/51 MP: 6/6
  3648 | D:4      | Found an ornate altar of the Wu Jian Council.
  3666 | D:4      | Found a shimmering altar of Xom.
  3701 | D:4      | Found an opulent altar of Gozag.
  3828 | D:4      | Found a roughly hewn altar of Beogh.
  3828 | D:4      | Found the +7 staff of the Meek {protect, meekguard}
  4032 | D:4      | Reached XP level 7. HP: 39/59 MP: 7/7
  4275 | D:4      | Found a glowing silver altar of Zin.
  4404 | D:5      | Entered Level 5 of the Dungeon
  4455 | D:5      | Found a sparkling altar of Nemelex Xobeh.
  4485 | D:5      | Reached skill level 10 in Axes
  4598 | D:5      | Reached *** piety under Trog
  4708 | D:5      | Reached XP level 8. HP: 66/67 MP: 8/8
  4860 | D:5      | Reached skill level 5 in Fighting
  5415 | D:6      | Found a staircase to the Ecumenical Temple.
  5534 | D:6      | Noticed Menkaure
  5542 | D:6      | Killed Menkaure
  5784 | D:6      | Noticed Pikel
  5795 | D:6      | Killed Pikel
  5796 | D:6      | Reached skill level 5 in Armour
  5796 | D:6      | Reached XP level 9. HP: 64/78 MP: 9/9
  5980 | D:6      | Noticed Eustachio
  5987 | D:6      | Killed Eustachio
  6756 | D:6      | Found a shimmering blue altar of Sif Muna.
  6962 | D:7      | Found a stormy altar of Qazlal.
  7049 | D:7      | Found a white marble altar of Elyvilon.
  7054 | D:7      | Reached **** piety under Trog
  7070 | D:7      | Reached XP level 10. HP: 76/86 MP: 10/10
  7317 | D:7      | Reached skill level 5 in Dodging
  7836 | D:7      | Found a bloodstained altar of Trog.
  8218 | D:8      | Found a staircase to the Lair.
  8236 | D:8      | Noticed Joseph
  8257 | D:8      | Killed Joseph
  8521 | D:8      | Noticed Prince Ribbit
  8542 | D:8      | Killed Prince Ribbit
  8777 | D:8      | Noticed Amaemon
  8785 | D:8      | Killed Amaemon
  8786 | D:8      | Reached XP level 11. HP: 97/97 MP: 11/11
  8969 | D:8      | Found a burning altar of Makhleb.
  9081 | Lair:1   | Entered Level 1 of the Lair of Beasts
  9195 | Lair:1   | Reached skill level 1 in Shields
  9512 | Lair:1   | Reached skill level 2 in Shields
  9580 | Lair:1   | Reached skill level 10 in Fighting
  9582 | Lair:1   | Reached skill level 3 in Shields
  9700 | Lair:1   | Reached skill level 15 in Axes
  9702 | Lair:1   | Reached skill level 4 in Shields
 10085 | Lair:1   | Noticed Nergalle
 10098 | Lair:1   | Killed Nergalle
 10342 | Lair:1   | Reached skill level 5 in Shields
 10706 | Lair:2   | Reached skill level 6 in Shields
 10770 | Lair:2   | Noticed an eight-headed hydra
 10782 | Lair:2   | Killed an eight-headed hydra
 10910 | Lair:2   | Reached skill level 7 in Shields
 10919 | Lair:2   | Reached XP level 12. HP: 76/107 MP: 12/12
 10923 | Lair:2   | Reached skill level 8 in Shields
 10964 | Lair:2   | Reached skill level 9 in Shields
 11493 | Lair:2   | Reached skill level 10 in Shields
 11686 | Lair:2   | Reached skill level 11 in Shields
 12339 | Lair:3   | Found a transporter.
 12356 | Lair:3   | Found a transporter.
 12374 | Lair:3   | Reached skill level 12 in Shields
 12655 | Lair:3   | Reached skill level 13 in Shields
 12724 | Lair:3   | Reached XP level 13. HP: 66/114 MP: 13/13
 13081 | Lair:3   | Noticed Ceyvaan's ghost (journeyman DEFE)
 13125 | Lair:3   | Identified a scroll of acquirement
 13126 | Lair:3   | Acquired the +14 obsidian axe {vorpal, Mesm Drain Fly SInv}
 13126 | Lair:3   | Found the +14 obsidian axe {vorpal, Mesm Drain Fly SInv}
 13159 | Lair:3   | Found a hole to the Spider Nest.
 13168 | Lair:3   | Reached skill level 14 in Shields
 13549 | Lair:3   | Reached skill level 15 in Shields
 13734 | Lair:3   | Identified the +5 trident "Hobobo" {freeze, Int+4}
 13879 | Lair:3   | Found a staircase to the Swamp.
 14484 | Lair:4   | Noticed Rupert
 14493 | Lair:4   | Killed Rupert
 14554 | Lair:4   | Reached skill level 16 in Shields
 14569 | Lair:4   | Found a viscous altar of Jiyva.
 14570 | Lair:4   | Found a staircase to the Slime Pits.
 14924 | Lair:4   | Found a frozen archway.
 14933 | IceCv    | Entered an ice cave
 15214 | IceCv    | Reached skill level 17 in Shields
 15298 | IceCv    | Reached XP level 14. HP: 116/122 MP: 14/14
 15326 | IceCv    | Reached ***** piety under Trog
 15420 | IceCv    | Reached skill level 18 in Shields
 16672 | Lair:5   | Entered Level 5 of the Lair of Beasts
 16683 | Lair:5   | HP: 4/122 [11-headed hydra (3)]
 16683 | Lair:5   | HP: 1/122 [11-headed hydra (3)]
 16683 | Lair:5   | Slain by an 11-headed hydra

Illustrated notes

Levels and vault maps discovered:
D:1:      co_arrival_random_square_maze, layout_basic,
          ebering_ecumenical_altar_petrified, dreamdust_mushroom_princess
D:2:      layout_rooms, minivault_11
D:3:      layout_basic, nicolae_overflow_hidden_temple, serial_rivers,
          chequers_serial_rivers_micro_c, chequers_serial_rivers_micro_d,
          chequers_serial_rivers_micro_a, chequers_serial_rivers_micro_a,
          chequers_serial_rivers_large_a
D:4:      layout_cave_pods, pdpol_temple_overflow_zin_treasury_gozag_greed,
          grunt_temple_overflow_open, pf_guarded_unrand_meek
D:5:      lemuel_ratsnest, layout_loops_ring, nemelex_spade_bored_becter,
          kennysheep_generic_room_3
D:6:      layout_gridville, nicolae_sif_muna_condensation,
          minmay_temple_entry_water_ring, uniq_menkaure, uniq_eustachio,
          uniq_pikel
D:7:      layout_loops_corners, trog_book, old_standard_altar, elyvilon_altar_4,
          minmay_joined_circles
D:8:      layout_basic, pf_just_have_faith, lair_entry_dummy, uniq_joseph,
          uniq_prince_ribbit1, uniq_amaemon
Lair:1:   layout_cave_pods, grunt_forest_large_clearing_hut, uniq_nergalle
Lair:2:   layout_loops_ring, beast_lair_carwin_10
Lair:3:   layout_regular_city, nicolae_swamp_entry_splash_gauntlet,
          spider_nest_entry_rubble, gammafunk_ghost_hive, nzn_random_ring
Lair:4:   layout_cave_pods, slime_entry_1, portal_ice_cave_entry_pillars_1,
          grunt_megastairs_2, lemuel_fruit_fields, uniq_rupert
Lair:5:   wormcave, layout_loops_ring, hangedman_lair_in_review,
          gauntlet_entry_generic

Skill      XL: |  1  2  3  4  5  6  7  8  9 10 11 12 13 14 |
---------------+-------------------------------------------+-----
Axes           | 5 6 7 9 10 12 13 14 15 | 15.2
Fighting       | 4 6 7 9 10 | 10.4
Dodging        | 2 3 4 6 |  6.4
Armour         | 3 5 6 8 |  8.4
Shields        | 7 13 17 18 | 18.6

Action                   |  1- 3 |  4- 6 |  7- 9 | 10-12 | 13-15 || total
-------------------------+-------+-------+-------+-------+-------++-------
Melee: Hand axe          |    87 |   162 |   236 |    64 |       ||   549
       Punch             |       |     1 |     3 |       |       ||     4
       War axe           |       |       |       |   343 |     8 ||   351
       Demon whip        |       |       |       |     9 |     7 ||    16
       Broad axe         |       |       |       |       |   227 ||   227
Throw: Javelin           |       |       |       |       |    14 ||    14
Invok: Berserk           |     4 |     2 |     6 |    14 |     3 ||    29
       Trog's Hand       |       |       |       |     4 |     1 ||     5
       Brothers in Arms  |       |       |       |     3 |     2 ||     5
Evoke: Wand              |       |       |       |     1 |     8 ||     9
       Condenser vane    |       |       |       |       |     1 ||     1
  Use: Scroll            |       |    14 |     4 |     9 |     8 ||    35
       Potion            |       |       |       |     1 |     2 ||     3
 Stab: Distracted        |       |       |       |       |     1 ||     1
Armor: Plate armour      |    77 |    91 |   121 |   273 |   116 ||   678
       Animal skin       |     2 |       |       |       |       ||     2
Dodge: Dodged            |    29 |    41 |    59 |    99 |    55 ||   283
Block: Other             |       |    24 |    22 |    34 |       ||    80
       Reflection        |       |       |       |     1 |     1 ||     2
       Tower shield      |       |       |       |   347 |   307 ||   654
